 Dungeon Crawl Stone Soup version 0.19.4-8-ga85b6b9 (webtiles) character file.

79 doot the Magician (level 4, -6/24 HPs)
             Began as a Deep Elf Wizard on Feb 14, 2017.
             Killed from afar by a smoke demon (9 damage)
             ... with a sticky flame
             ... created by the fury of Makhleb
             ... on level 2 of the Dungeon.
             The game lasted 00:06:58 (1913 turns).

doot the Magician (Deep Elf Wizard)                 Turns: 1913, Time: 00:06:59

Health: -6/24      AC:  2    Str:  4    XL:     4   Next: 16%
Magic:  21/23      EV: 13    Int: 24    God:
Gold:   97         SH:  0    Dex: 13    Spells: 3 memorised, 10 levels left

rFire  . . .     SeeInvis .     g - +0 dagger
rCold  . . .     Gourm    .     a - +0 robe
rNeg   . . .     Faith    .     (no shield)
rPois  .         Spirit   .     b - +0 hat
rElec  .         Reflect  .     (no cloak)
rCorr  .         Harm     .     (no gloves)
MR     .....                    (no boots)
Stlth  +.........               (no amulet)
                                (no ring)
                                i - ring of magical power

@: liquid flames, glowing
A: no striking features
a: no special abilities


You were on level 2 of the Dungeon.
You were hungry.

You visited 1 branch of the dungeon, and saw 2 of its levels.

You collected 97 gold pieces.

Inventory:

Hand Weapons
 g - a +0 dagger (weapon)
Armour
 a - a +0 robe (worn)
 b - a +0 hat (worn)
Jewellery
 i - a ring of magical power (left hand)
 m - a +2 ring of dexterity {unknown}
Scrolls
 e - a scroll of recharging
 f - a scroll of remove curse
 h - a scroll of identify
Potions
 j - 2 potions of invisibility {unknown}
 l - a potion of haste {unknown}
 o - a potion of flight {unknown}
Books
 c - a book of Minor Magic

   Spells                             Type                      Level
   a - Magic Dart                     Conjuration                  1
   b - Blink                          Translocation                2
   c - Call Imp                       Summoning                    2
   d - Repel Missiles                 Charms/Air                   2
   e - Slow                           Hexes                        2
   f - Conjure Flame                  Conjuration/Fire             3
   g - Mephitic Cloud                 Conjuration/Poison/Air       3
Comestibles
 d - 3 bread rations
 n - a slice of pizza


   Skills:
 + Level 0.8 Short Blades
 + Level 2.6 Dodging
 + Level 2.6 Stealth
 + Level 0.2 Unarmed Combat
 * Level 6.3 Spellcasting
 + Level 1.3 Conjurations
 + Level 1.1 Summonings
 + Level 1.1 Translocations


You had 10 spell levels left.
You knew the following spells:

 Your Spells              Type           Power        Failure   Level  Hunger
a - Magic Dart            Conj           ##..         6%          1    None
b - Blink                 Tloc           N/A          10%         2    None
c - Call Imp              Summ           ##......     10%         2    None


Dungeon Overview and Level Annotations

Branches:
Dungeon (2/15)

Altars:
Makhleb
Okawaru

Annotations:
D:2 1 runed door


Message History

You feel blessed for a moment.
It was a scroll of remove curse.
As you read the scroll labeled CODENU ZOODUOBBO, it crumbles to dust.
It is a scroll of identify.
e - a scroll of recharging
As you read the scroll labeled CYSASOU IDACI, it crumbles to dust.
You assume a fearsome visage.
The smoke demon is unaffected.
It was a scroll of fear.
The smoke demon gestures at you. Makhleb smites you!
The smoke demon gestures at you. Makhleb smites you!
Ouch! That really hurt!
* * * LOW HITPOINT WARNING * * *
Casting: Magic Dart
Confirm with . or Enter, or press ? or * to list all spells.
You blink.
The smoke demon gestures at you. The sticky flame hits you!
You are covered in liquid flames!
You die...

.###.....)...........# #.#
..##.###############.###.#
.....# #.....# ..####
###.### .## ######### #.#
.# #.ยง.....# #.# .#
#.####..# #.# .#
###########3##### #.# .#
#.....#......@..# #.# .#
#.###.#.###.###.# #.# .#
#.# #3#.# #...# # #.#
.###.# #.#3##....#. #.#
.....# #......_.... #.#
.##### ###.#....##.# #.#
.....# #.#...## .# #.#
####.# #.###.# # #.# #.#
#.. ... #.######


You could see a smoke demon.

Vanquished Creatures
  An ooze (D:1)
  2 dart slugs
  A leopard gecko (D:1)
  3 bats
  A giant cockroach (D:1)
  4 goblins
  3 hobgoblins
  5 jackals (D:2)
  2 ball pythons (D:1)
  4 frilled lizards
  4 kobolds
  13 rats
43 creatures vanquished.

Vanquished Creatures (collateral kills)
  4 gnolls (D:2)
4 creatures vanquished.

Grand Total: 47 creatures vanquished

Notes
Turn   | Place    | Note
-------+----------+-------------------------------------------
     0 | D:1      | doot the Deep Elf Wizard began the quest for the Orb.
     0 | D:1      | Reached XP level 1. HP: 10/10 MP: 7/7
   442 | D:1      | Reached skill level 5 in Spellcasting
   442 | D:1      | Reached XP level 2. HP: 15/15 MP: 6/10
   446 | D:1      | Learned a level 2 spell: Blink
   449 | D:1      | Learned a level 2 spell: Call Imp
  1071 | D:2      | Reached XP level 3. HP: 19/19 MP: 4/12
  1325 | D:2      | Reached skill level 6 in Spellcasting
  1493 | D:2      | Reached XP level 4. HP: 20/24 MP: 8/14
  1607 | D:2      | Found a faded altar of an unknown god.
  1621 | D:2      | Became a worshipper of Makhleb the Destroyer
  1621 | D:2      | Reached * piety under Makhleb
  1622 | D:2      | Fell from the grace of Makhleb
  1734 | D:2      | Found a runed door.
  1884 | D:2      | Found an iron altar of Okawaru.
  1895 | D:2      | Noticed a smoke demon
  1913 | D:2      | Killed from afar by a smoke demon

Skill      XL: |  1  2  3 |
---------------+----------+-----
Spellcasting   | 5 6 |  6.3
Short Blades   | |  0.8
Dodging        | |  2.6
Stealth        | |  2.6
Unarmed Combat | |  0.2
Conjurations   | |  1.3
Summonings     | |  1.1
Translocations | |  1.1

Action                   |  1- 3 |  4- 6 || total
-------------------------+-------+-------++-------
Melee: Unarmed           |    11 |       ||    11
       Dagger            |     8 |       ||     8
 Cast: Magic Dart        |    81 |    17 ||    98
       Call Imp          |     2 |       ||     2
       Blink             |       |     1 ||     1
Invok: Renounce Religion |       |     1 ||     1
  Use: Scroll            |       |     3 ||     3
 Stab: Sleeping          |     2 |       ||     2
  Eat: Chunk             |     2 |       ||     2
Armor: Robe              |     5 |     1 ||     6
Dodge: Dodged            |    35 |     4 ||    39
